 Dungeon Crawl Stone Soup version 0.29-a0-1047-g7c58e119a4 (webtiles) character file.

Game seed: 18029344279639501206

214 greasedhog the Trooper (level 5, -9/35 HPs)
             Began as a Gargoyle Abyssal Knight on Aug 17, 2022.
             Was a Priest of Lugonu.
             Mangled by Menkaure (19 damage)
             ... on level 4 of the Dungeon.
             The game lasted 00:03:39 (3324 turns).

greasedhog the Trooper (Gargoyle Abyssal Knight)    Turns: 3324, Time: 00:03:40

Health: -9/35      AC: 11    Str: 19    XL:     5   Next: 91%
Magic:  7/7        EV:  9    Int: 10    God:    Lugonu [***...]
Gold:   175        SH:  0    Dex: 10    Spells: 4/4 levels left

rFire   + . .      SeeInvis .   h - +2 short sword (freeze)
rCold   . . .      Faith    .   (no shield)
rNeg    + . .      Spirit   .   v - +0 scale mail
rPois   ∞          Reflect  .   (no helmet)
rElec   +          Harm     .   (no cloak)
rCorr   .          Rampage  .   (no gloves)
Will    .....                   g - +0 pair of boots
Stlth   ..........              (no amulet)
HPRegen 0.11/turn               q - ring of protection from fire
MPRegen 0.10/turn               (no ring)

@: no status effects
A: sickness immunity, AC +4, negative energy resistance 1, electricity
resistance, torment resistance 1, petrification resistance
a: Renounce Religion, Depart the Abyss, Bend Space, Banish


You were on level 4 of the Dungeon.
You worshipped Lugonu.
Lugonu was most pleased with you.
You visited 1 branch of the dungeon, and saw 4 of its levels.
You visited the Abyss 1 time.

You collected 241 gold pieces.
You spent 66 gold pieces at shops.

Inventory:

Hand Weapons
 a - a +1 mace
 h - a +2 short sword of freezing (weapon)
Missiles
 o - 7 poisoned darts
Armour
 g - a +0 pair of boots (worn)
 v - a +0 scale mail (worn)
Jewellery
 q - a ring of protection from fire (left hand)
Scrolls
 b - 3 scrolls of poison
 c - a scroll of fear
 d - a scroll of blinking
 j - a scroll of summoning
 p - a scroll of butterflies
 r - a scroll of torment {unknown}
 u - a scroll of amnesia {unknown}
 w - a scroll of identify
Potions
 e - a potion of ambrosia {unknown}
 f - a potion of resistance {unknown}
 i - a potion of mutation {unknown}
 k - a potion of degeneration {unknown}
 l - 3 potions of might {unknown}
 m - a potion of attraction {unknown}
 n - a potion of heal wounds {unknown}
 s - a potion of lignification {unknown}
 t - a potion of flight {unknown}
 x - a potion of curing {unknown}


   Skills:
 - Level 5.0 Fighting
 * Level 4.4 Maces & Flails
 - Level 2.1 Armour
 - Level 0.7 Dodging
 * Level 2.8 Invocations


You had 4 spell levels left.
You didn't know any spells.
Your spell library contained the following spells:

 Spells                   Type           Power      Damage    Failure   Level
 Beastly Appendage        Tmut           0%         N/A       75%         1
 Sandblast                Erth           0%         2d4       75%         1
 Passwall                 Tmut/Erth      0%         N/A       86%         2
 Wereblood                Tmut           0%         N/A       86%         2
 Ignite Poison            Fire/Tmut/Pois 0%         N/A       98%         3
 Mephitic Cloud           Conj/Pois/Air  0%         N/A       98%         3
 Spider Form              Tmut/Pois      0%         N/A       98%         3
 Stone Arrow              Conj/Erth      0%         3d7       98%         3
 Freezing Cloud           Conj/Ice/Air   0%         6-21      100%        5


Dungeon Overview and Level Annotations

Branches:
Dungeon (4/15)
 Temple: D:4-7

Altars:
Makhleb
Trog
Wu Jian

Shops:
D:1 :   D:3 ?

Annotations:
D:3 1 runed translucent door, Crazy Yiuf
D:4 Menkaure


Innate Abilities, Weirdness & Mutations

You are immune to sickness and miasma.
Your stone body is resilient. (AC +4)
You are immune to poison.
You resist negative energy. (rN+)
You are resistant to electric shocks. (rElec)
You are resistant to unholy torment.
You are immune to petrification.


Message History

Menkaure hits you!
You barely miss Menkaure.
Menkaure is lightly damaged.
You hit Menkaure.
Menkaure is moderately damaged.
Menkaure barely misses you.
You hit Menkaure but do no damage.
Menkaure is moderately damaged.
Menkaure points at you and mumbles some strange words.
Pain shoots through your body!
You hit Menkaure.
Menkaure is moderately damaged.
Menkaure gestures at you while chanting.
You barely resist. You hit Menkaure.
Menkaure is moderately damaged.
Menkaure hits you!
* * * LOW HITPOINT WARNING * * *
You are too injured to fight recklessly!
You are too injured to fight recklessly!
Press: ? - help, Shift-Dir - straight line, f - Menkaure
Aim: Menkaure (moderately damaged, chance to affect: 80%)
You fail to use your ability.
Menkaure completely misses you.
Press: ? - help, Shift-Dir - straight line, f/p - Menkaure
Aim: Menkaure (moderately damaged, chance to affect: 80%)
You fail to use your ability.
Menkaure casts a spell.
Menkaure seems to speed up.
Unknown command.
Press: ? - help, Shift-Dir - straight line, f/p - Menkaure
Aim: Menkaure (moderately damaged, fast, chance to affect: 80%)
You fail to use your ability.
Menkaure hits you but does no damage.
Press: ? - help, Shift-Dir - straight line, f/p - Menkaure
Aim: Menkaure (moderately damaged, fast, chance to affect: 80%)
You fail to use your ability.
Menkaure completely misses you.
Press: ? - help, Shift-Dir - straight line, f/p - Menkaure
Aim: Menkaure (moderately damaged, fast, chance to affect: 80%)
You fail to use your ability.
Menkaure hits you!!
Ouch! That really hurt!
You die...

#<..#.... .#< ... #.#
#...#.... ... #.# #.#
# #...### .... #.# #.#
#####.# ..... #.# #.#
#.....#
.....##.####.###.....#
.....................#
..............###††..#
#..M@......# #....#
#....!........###....#
#....................#
#........##......#####
#........##......#
#........##......#
#........##......#
#................#
....######


You could see Menkaure (fast).

Vanquished Creatures
  A hound (D:3)
  An iguana (D:4)
  10 adders
  A dart slug (D:3)
  4 orcs (D:3)
  7 ball pythons
  6 endoplasms
  A giant cockroach (D:1)
  3 hobgoblins
  6 jackals
  4 kobolds
  4 quokkas
  4 bats
  A frilled lizard (D:3)
  4 goblins (D:3)
  2 rats
59 creatures vanquished.

Vanquished Creatures (others)
  3 fungi (D:3)
3 creatures vanquished.

Grand Total: 62 creatures vanquished

Notes
Turn   | Place    | Note
-------+----------+-------------------------------------------
     0 | Abyss:1  | greasedhog the Gargoyle Abyssal Knight began the quest for
                  | the Orb.
     0 | Abyss:1  | Reached XP level 1. HP: 14/14 MP: 2/2
     1 | D:1      | Escaped the Abyss
    48 | D:1      | Found a faded altar of an unknown god.
    98 | D:1      | Found Jagounum's Vocational Training.
   195 | D:1      | Reached XP level 2. HP: 18/19 MP: 3/3
   481 | D:2      | Found a bloodstained altar of Trog.
   824 | D:2      | Reached skill level 4 in Fighting
   824 | D:2      | Reached XP level 3. HP: 20/24 MP: 4/4
  1022 | D:2      | Reached XP level 4. HP: 30/30 MP: 5/5
  1627 | D:3      | Reached *** piety under Lugonu
  1733 | D:3      | Found an ornate altar of the Wu Jian Council.
  1848 | D:3      | Reached XP level 5. HP: 30/34 MP: 6/6
  2080 | D:3      | Reached skill level 5 in Fighting
  2412 | D:3      | Found Pobroiw's Magic Scroll Emporium.
  2419 | D:3      | Bought a scroll of identify for 22 gold pieces
  2419 | D:3      | Bought a scroll of poison for 44 gold pieces
  2925 | D:3      | Found a runed translucent door.
  2926 | D:3      | Noticed Crazy Yiuf
  3018 | D:4      | Found a burning altar of Makhleb.
  3307 | D:4      | Noticed Menkaure
  3324 | D:4      | Mangled by Menkaure

Illustrated notes

Levels and vault maps discovered:
D:1:      dpeg_arrival_tiny_j, layout_rooms, ebering_ecumenical_altar_mist,
          nicolae_shop_vocational
D:2:      layout_rooms, basic_altar, kennysheep_nondescript, nrook_mini_vaults
D:3:      layout_loops_corners, lemuel_doored_altar, serial_shops,
          nicolae_shop_behind_doors, uniq_crazy_yiuf_cottage
D:4:      layout_basic, mainiacjoe_overflow_surrounded_room,
          mainiacjoe_overflow_tiny_flanked, uniq_menkaure

Skill      XL: |  1  2  3  4  5 |
---------------+----------------+-----
Fighting       | 4 5 |  5.0
Maces & Flails | 3 4 |  4.4
Armour         | |  2.1
Dodging        | |  0.7
Invocations    | |  2.8

Action                   |  1- 3 |  4- 6 || total
-------------------------+-------+-------++-------
Melee: Short sword       |    55 |   158 ||   213
       Mace              |     5 |       ||     5
       Punch             |       |     1 ||     1
  Use: Scroll            |     2 |     3 ||     5
Armor: Leather armour    |    21 |    15 ||    36
       Ring mail         |       |    70 ||    70
       Scale mail        |       |     6 ||     6
Dodge: Dodged            |    25 |   109 ||   134

Table legend: (Time is in decaauts)
 A = Elapsed time spent in this place.
 B = Non-inter-level travel time spent in this place.
 C = Inter-level travel time spent in this place.
 D = Time resting spent in this place.
 E = Time spent auto-exploring this place.
 F = Levels seen in this place.
 G = Mean time per level.
                   A        B        C        D        E       F      G
               +--------+--------+--------+--------+--------+-----+--------+
         Total |   3344 |   3257 |     87 |      8 |   2735 |   5 |  668.8 |
       Dungeon |   3343 |   3256 |     87 |      8 |   2735 |   4 |  835.8 |
         Abyss |      1 |      1 |      0 |      0 |      0 |   1 |    1.0 |
               +--------+--------+--------+--------+--------+-----+--------+

Top non-repeatable levels by time:
     D:3: 1593 daAuts
     D:2: 909 daAuts
     D:1: 478 daAuts
     D:4: 362 daAuts
 Abyss:1: 1 daAuts
